 Dungeon Crawl Stone Soup version 0.28-b1-70-g80dc712255 (webtiles) character file.

Game seed: 7533799935161766869

9 tizbic2 the Ducker (level 2, 0/25 HPs)
             Began as a Djinni Monk on Feb 3, 2022.
             Slain by a jackal (2 damage)
             ... on level 1 of the Dungeon.
             The game lasted 00:02:42 (463 turns).

tizbic2 the Ducker (Djinni Monk)                     Turns: 463, Time: 00:02:42

Health: 0/25       AC:  2    Str: 10    XL:     2   Next: 25%
Gold:   2          EV: 11    Int: 11    God:
                   SH:  7    Dex: 15

rFire   + + .      SeeInvis .   b - +0 club
rCold   x . .      Faith    .   c - +0 kite shield
rNeg    . . .      Spirit   .   a - +0 robe
rPois   ∞          Reflect  .   (no helmet)
rElec   .          Harm     .   (no cloak)
rCorr   .          Rampage  .   (no gloves)
Will    .....                   (boots unavailable)
Stlth   ++........              (no amulet)
HPRegen 0.08/turn               (no ring)
MPRegen 0.00/turn               (no ring)

@: flying
A: sickness immunity, fire resistance 2, cold vulnerability 1, float, innate
caster, HP casting, extra vitality 1
a: no special abilities


You were on level 1 of the Dungeon.
You visited 1 branch of the dungeon, and saw 1 of its levels.

You collected 2 gold pieces.

Inventory:

Hand Weapons
 b - a +0 club (weapon)
Armour
 a - a +0 robe (worn)
 c - a +0 kite shield (worn)


   Skills:
 * Level 3.2 Fighting
 + Level 0.2 Maces & Flails
 + Level 3.4 Dodging
 - Level 1.5 Stealth
 - Level 3.0 Unarmed Combat
 * Level 0.5 Spellcasting


You had 2 spell levels left.
You didn't know any spells.
Your spell library was empty.

Dungeon Overview and Level Annotations

Branches:
Dungeon (1/15)

Altars:


Innate Abilities, Weirdness & Mutations

You are immune to sickness and miasma.
You are immune to poison.
Your flesh is very heat resistant. (rF++)
You are vulnerable to cold. (rC-)
You float through the air rather than walking.
You learn spells naturally, not from books.
Your magical power is your life essence.
You have superior vitality. (+4 MHP)


Message History

You hit the jackal.
The jackal is almost dead.
The jackal closely misses you. The jackal barely misses you.
You barely miss the jackal.
The jackal is almost dead.
The jackal bites you.
* * * LOW HITPOINT WARNING * * *
The jackal bites you.
* * * LOW HITPOINT WARNING * * *
The jackal barely misses you.
There is an open door, spattered with blood here.
You see here a ball python corpse.
You barely miss the jackal.
The jackal is almost dead.
The jackal barks!
The jackal stops to sniff the ground.
You block the jackal's attack. The jackal barely misses you.
You hit the jackal but do no damage.
The jackal is almost dead.
The jackal barely misses you. You block the jackal's attack.
You hit the jackal.
You kill the jackal!
You block the jackal's attack.
You hit the jackal but do no damage. You block the jackal's attack.
The jackal bites you but does no damage.
The jackal barely misses you. The jackal bites you.
* * * LOW HITPOINT WARNING * * *
The jackal closely misses you. The jackal closely misses you.
The jackal barely misses you. x2
The jackal barely misses you. The jackal closely misses you.
There is an open door here.
The jackal bites you.
* * * LOW HITPOINT WARNING * * *
The jackal barely misses you.
You closely miss the jackal. The jackal bites you.
* * * LOW HITPOINT WARNING * * *
The jackal bites you.
You die...

##......#
.........#####
########.....#
#.....#
#....)#
#.....#
##....# #..###
.# ##@# ##+#.#
#h## .....# ♣
♣ #hh# .....#
.♣.
##.##.....#
♣♣.♣♣
#..#.....#
♣...♣
##.#.....#
..<.♣
#.÷.....#
♣...♣
##'##+#.#
...♣.♣ #.....#


You could see 3 jackals.

Vanquished Creatures
  A giant cockroach (D:1)
  2 goblins (D:1)
  A hobgoblin (D:1)
  A jackal (D:1)
  A quokka (D:1)
  2 ball pythons (D:1)
8 creatures vanquished.

Notes
Turn   | Place    | Note
-------+----------+-------------------------------------------
     0 | D:1      | tizbic2 the Djinni Monk began the quest for the Orb.
     0 | D:1      | Reached XP level 1. HP: 20/20 MP: 0/0
   189 | D:1      | Reached XP level 2. HP: 21/25 MP: 0/0
   463 | D:1      | Slain by a jackal

Illustrated notes

Levels and vault maps discovered:
D:1:      roderic_dead_forest, layout_basic

Action                   || total
-------------------------++-------
Melee: Club              ||    51
       Unarmed           ||     1
  Use: Scroll            ||     1
 Stab: Sleeping          ||     3
Armor: Robe              ||     9
Dodge: Dodged            ||    52
Block: Kite shield       ||    21
